 Dungeon Crawl Stone Soup version 0.30-a0-916-g9813417 (webtiles) character file.

Game seed: 16026355589499422586

4687 Dorkslayer the Trooper (level 10, -15/61 HPs)
             Began as a Gargoyle Fighter on Apr 13, 2023.
             Was an Initiate of Gozag.
             Demolished by a catoblepas (23 damage)
             ... on level 8 of the Dungeon.
             The game lasted 00:32:30 (6849 turns).

Dorkslayer the Trooper (Gargoyle Fighter)           Turns: 6849, Time: 00:32:32

Health: -15/61     AC: 24    Str: 21    XL:     10   Next: 44%
Magic:  10/10      EV:  9    Int: 10    God:    Gozag
Gold:   644        SH: 10    Dex: 11    Spells: 9/9 levels left

rFire   + . .      SeeInvis +    e - +5 long sword (heavy)
rCold   . . .      Faith    .    c - +0 buckler
rNeg    + . .      Spirit   .    q - +0 chain mail
rPois   ∞          Reflect  +    l - +0 helmet {SInv}
rElec   +          Rampage  .    H - +0 cloak
rCorr   .                        (no gloves)
Will    .....                    (no boots) Stlth
                                 z - amulet of reflection
HPRegen 0.30/turn                v - ring of protection from fire
MPRegen 0.12/turn                m - +4 ring of protection

@: no status effects
A: sickness immunity, AC +7, negative energy resistance 1, electricity
resistance, torment resistance 1, petrification resistance
a: Renounce Religion, Potion Petition, Call Merchant, Bribe Branch


You were on level 8 of the Dungeon.
You worshipped Gozag.
Gozag was pleased with you.
You visited 2 branches of the dungeon, and saw 9 of its levels.

You collected 742 gold pieces.
You paid 98 gold pieces to Gozag.

Inventory:

Hand Weapons
 a - a +0 war axe of freezing
 e - a +5 heavy long sword (weapon)
 s - a +4 falchion
Missiles
 k - 3 boomerangs
 n - 2 javelins (quivered)
 F - a silver boomerang
 J - a curare-tipped dart
Armour
 c - a +0 buckler (worn)
 l - a +0 helmet of see invisible (worn)
 q - a +0 chain mail (worn)
 H - a +0 cloak (worn)
Jewellery
 h - a ring of resist corrosion
 m - a +4 ring of protection (right hand)
 v - a ring of protection from fire (left hand)
 z - an amulet of reflection (around neck)
Wands
 d - a wand of digging (2)
 B - a wand of roots (9)
 G - a wand of polymorph (8)
 I - a wand of paralysis (8)
Scrolls
 f - 4 scrolls of teleportation
 i - a scroll of magic mapping
 p - 2 scrolls of enchant weapon {unknown}
 r - a scroll of noise {unknown}
 u - 2 scrolls of amnesia {unknown}
 w - a scroll of fog {unknown}
 y - a scroll of blinking {unknown}
 C - 2 scrolls of fear {unknown}
 D - a scroll of enchant armour {unknown}
Potions
 b - 2 potions of attraction
 g - 2 potions of flight
 j - a potion of resistance {unknown}
 o - 2 potions of lignification
 t - 2 potions of magic {unknown}
 x - 4 potions of degeneration {unknown}
 A - a potion of mutation {unknown}
 E - a potion of berserk rage {unknown}


   Skills:
 + Level 6.6 Fighting
 * Level 4.9 Long Blades
 + Level 5.1 Axes
 + Level 6.6 Armour
 + Level 4.5 Dodging
 + Level 6.6 Shields
 * Level 6.3 Evocations


You had 9 spell levels left.
You didn't know any spells.
Your spell library contained the following spells:

 Spells                   Type           Power      Damage    Failure   Level
 Magic Dart               Conj           0%         1d3       98%         1
 Blink                    Tloc           0%         N/A       99%         2
 Call Imp                 Summ           0%         N/A       99%         2
 Mephitic Cloud           Conj/Pois/Air  0%         N/A       100%        3
 Portal Projectile        Hex/Tloc       0%         N/A       100%        3
 Tukima's Dance           Hex            0%         N/A       100%        3
 Manifold Assault         Tloc           0%         N/A       100%        4
 Passage of Golubria      Tloc           0%         N/A       100%        4
 Blade Hands              Tmut           0%         N/A       100%        5
 Yara's Violent Unravell  Hex/Tmut       0%         3d3       100%        5
 Storm Form               Tmut/Air       0%         N/A       100%        7


Dungeon Overview and Level Annotations

Branches:
Dungeon (8/15)             Temple (1/1) D:7
   Lair: D:8-11

Altars:
Ashenzari
Cheibriados
Dithmenos
Elyvilon
Fedhas
Gozag
Hepliaklqana
Kikubaaqudgha
Makhleb
Nemelex Xobeh
Okawaru
Qazlal
Ru
Sif Muna
Trog
Uskayaw
Vehumet
Wu Jian
Xom
Yredelemnul
Zin
The Shining One


Innate Abilities, Weirdness & Mutations

You are immune to sickness and miasma.
Your stone body is resilient. (AC +7)
You are immune to poison.
You resist negative energy. (rN+)
You are resistant to electric shocks. (rElec)
You are resistant to unholy torment.
You are immune to petrification.


Message History

The catoblepas gores you but does no damage.
You slash the catoblepas!
The catoblepas is moderately wounded.
The catoblepas breathes a plume of calcifying dust at you.
The blast of calcifying dust hits you but does no damage.
The catoblepas gores you.
You completely miss the catoblepas.
The catoblepas is moderately wounded.
The catoblepas gores you! The catoblepas barely misses you.
You hit the catoblepas.
The catoblepas is moderately wounded.
The catoblepas closely misses you. The catoblepas gores you!!
You slash the catoblepas!
The catoblepas is heavily wounded.
The catoblepas gores you!
* * * LOW HITPOINT WARNING * * *
The catoblepas breathes a plume of calcifying dust at you.
The blast of calcifying dust hits you but does no damage.
Unknown command.
Okay, then.
You hit the catoblepas.
The catoblepas is heavily wounded.
The catoblepas barely misses you.
You barely miss the catoblepas.
The catoblepas is heavily wounded.
The catoblepas barely misses you. The catoblepas gores you!
* * * LOW HITPOINT WARNING * * *
Aiming: Paralyse
Press: ? - help, Shift-Dir - straight line, f - catoblepas
Aim: a catoblepas (heavily wounded, chance to affect: 6%)
The catoblepas resists with almost no effort.
The catoblepas breathes a plume of calcifying dust at you.
The blast of calcifying dust hits you but does no damage.
Unknown command.
Okay, then.
You slice the catoblepas!!
The catoblepas is almost dead.
The catoblepas gores you!!
You die...
Your body crumbles into a pile of gold.

###########
#.........#
#.........####
#.........##.##
+....8....#$$(
#.........##.#
#.....P...##Y###
########
#######'#######.@8..#
##..##... ..........#
#§....# #....#...
..........# #.....#
#....#... ..........#
#.....# #....#...
..........#####)....#
#....#...
............)..######
#....#...
....)..).......#
#....#...
..............8#
##....#...
#..####.##.....#
#...###...


You could see a catoblepas.

Vanquished Creatures
  A two-headed ogre (D:7)
  Maggie (D:6)
  A hornet (D:7)
  A yak (D:8)
  A steam dragon (D:8)
  3 wargs (D:8)
  A water moccasin (D:8)
  An orc warrior (D:8)
  3 ice beasts
  A black bear (D:5)
  A sky beast (D:6)
  An ogre (D:6)
  A wolf (D:8)
  A phantom (D:7)
  A kobold brigand (D:8)
  2 bullfrogs (D:6)
  3 scorpions
  5 wights (D:8)
  6 killer bees (D:7)
  4 howler monkeys
  2 electric eels
  7 orc priests
  A gnoll bouda (D:7)
  2 hounds
  2 jellies
  Terence (D:3)
  9 orc wizards
  Natasha (D:2)
  4 iguanas
  8 gnolls
  7 adders
  3 white imps
  3 ufetubi
  A worm (D:5)
  3 dart slugs
  27 orcs
  2 bats
  5 endoplasms
  3 giant cockroaches
  7 goblins
  9 hobgoblins
  13 jackals
  6 quokkas
  11 ball pythons
  4 frilled lizards
  11 kobolds
  21 rats
  A butterfly (D:7)
213 creatures vanquished.

Notes
Turn   | Place    | Note
-------+----------+-------------------------------------------
     0 | D:1      | Dorkslayer the Gargoyle Fighter began the quest for the
                  | Orb.
     0 | D:1      | Reached XP level 1. HP: 14/14 MP: 1/1
   129 | D:1      | Reached XP level 2. HP: 18/19 MP: 2/2
   220 | D:1      | Reached skill level 1 in Dodging
   386 | D:1      | Reached XP level 3. HP: 22/23 MP: 3/3
  1112 | D:2      | Reached XP level 4. HP: 28/28 MP: 4/4
  1213 | D:2      | Noticed Natasha
  1219 | D:2      | Killed Natasha
  1843 | D:3      | Noticed Terence
  1853 | D:3      | Killed Terence
  1854 | D:3      | Reached XP level 5. HP: 25/33 MP: 5/5
  2596 | D:4      | Reached skill level 1 in Evocations
  2633 | D:4      | Reached XP level 6. HP: 30/38 MP: 6/6
  3008 | D:5      | Entered Level 5 of the Dungeon
  3008 | D:5      | Noticed a black bear
  3048 | D:5      | Killed a black bear
  3052 | D:5      | Reached XP level 7. HP: 31/44 MP: 7/7
  3830 | D:6      | Noticed Maggie
  3843 | D:6      | Killed Maggie
  3844 | D:6      | Reached skill level 5 in Fighting
  3844 | D:6      | Reached skill level 5 in Armour
  3844 | D:6      | Reached skill level 5 in Shields
  3844 | D:6      | Reached XP level 8. HP: 28/49 MP: 8/8
  3979 | D:6      | Reached skill level 1 in Long Blades
  4428 | D:6      | Found a burning altar of Makhleb.
  4433 | D:6      | Found a stormy altar of Qazlal.
  4435 | D:6      | Found an ancient bone altar of Kikubaaqudgha.
  4834 | D:7      | Reached XP level 9. HP: 50/54 MP: 9/9
  5048 | D:7      | Found Xatruink's Armour Shop.
  5333 | D:7      | Found a staircase to the Ecumenical Temple.
  5342 | Temple   | Entered the Ecumenical Temple
  5349 | Temple   | Became a worshipper of Gozag Ym Sagoz the Greedy
  5403 | D:7      | Reached skill level 5 in Evocations
  5486 | D:7      | Noticed a two-headed ogre
  5492 | D:7      | Killed a two-headed ogre
  5826 | D:7      | Noticed a hornet
  5834 | D:7      | Killed a hornet
  5937 | D:7      | Found a hazy altar of Hepliaklqana.
  6009 | D:8      | Reached XP level 10. HP: 42/60 MP: 10/10
  6088 | D:8      | Reached skill level 5 in Axes
  6676 | D:8      | Noticed a catoblepas
  6849 | D:8      | Demolished by a catoblepas

Illustrated notes

Levels and vault maps discovered:
D:1:      matt_arrival_grand_opening, layout_loops_cross
D:2:      wad_crossroads, layout_basic, minmay_tetromino_i4, uniq_natasha
D:3:      layout_basic, nicolae_concentric_dashed_squares_mild, uniq_terence
D:4:      layout_rooms, minmay_rat_hole
D:5:      minmay_inner_zag, layout_loops_ring, kennysheep_generic_room_11
D:6:      layout_loops_ring, minitemple, kennysheep_potato, uniq_maggie
D:7:      layout_loops_ring, nzn_hepliaklqana_mist_gate,
          minmay_temple_entry_butterflies, serial_shops, shop
D:8:      layout_gridville, erik_lair_orcish_takeover, serial_ice, serial_ice_h,
          serial_ice_d, serial_ice_i, serial_ice_o, wad_dig_loot
Temple:   nicolae_temple_no_exploring_needed

Skill      XL: |  1  2  3  4  5  6  7  8  9 10 |
---------------+-------------------------------+-----
Axes           | 2 3 4 5 |  5.1
Dodging        | 1 2 3 4 |  4.5
Fighting       | 4 5 6 |  6.6
Shields        | 4 5 6 |  6.6
Armour         | 4 5 6 |  6.6
Evocations     | 1 2 3 4 5 6 |  6.3
Long Blades    | 2 4 |  4.9

Action                     |  1- 3 |  4- 6 |  7- 9 | 10-12 || total
---------------------------+-------+-------+-------+-------++-------
  Melee: War axe           |   135 |   148 |    60 |       ||   343
         Long sword        |       |       |   149 |   129 ||   278
  Throw: Boomerang         |       |       |     2 |     4 ||     6
         Javelin           |       |       |       |     2 ||     2
  Evoke: Wand              |       |       |     8 |     2 ||    10
    Use: Scroll            |     6 |     3 |     4 |       ||    13
         Potion            |       |     2 |     1 |     4 ||     7
   Stab: Paralysed         |       |       |     2 |       ||     2
         Distracted        |       |       |     1 |     2 ||     3
 Armour: Scale mail        |    87 |    10 |       |       ||    97
         Chain mail        |       |   125 |   207 |   119 ||   451
  Dodge: Dodged            |    82 |    80 |   115 |    72 ||   349
  Block: Buckler           |    29 |    42 |   137 |   114 ||   322
         Reflection        |       |       |       |     1 ||     1

Table legend: (Time is in decaauts)
 A = Elapsed time spent in this place.
 B = Non-inter-level travel time spent in this place.
 C = Inter-level travel time spent in this place.
 D = Time resting spent in this place.
 E = Time spent auto-exploring this place.
 F = Levels seen in this place.
 G = Mean time per level.
                   A        B        C        D        E       F      G
               +--------+--------+--------+--------+--------+-----+--------+
         Total |   7252 |   7252 |      0 |    306 |   2898 |   9 |  805.8 |
       Dungeon |   7237 |   7237 |      0 |    306 |   2898 |   8 |  904.6 |
        Temple |     14 |     14 |      0 |      0 |      0 |   1 |   14.0 |
               +--------+--------+--------+--------+--------+-----+--------+

Top non-repeatable levels by time:
     D:7: 1396 daAuts
     D:6: 1177 daAuts
     D:2: 905 daAuts
     D:3: 864 daAuts
     D:8: 827 daAuts
     D:1: 779 daAuts
     D:5: 675 daAuts
     D:4: 612 daAuts
  Temple: 14 daAuts
